 Dungeon Crawl Stone Soup version 0.29-a0-233-g1125b37a9b (webtiles) character file.

Game seed: 6951728972209650375

5919 wakim the Fighter (level 10, -5/88 HPs)
             Began as a Palentonga Fighter on Mar 1, 2022.
             Was a High Priest of Okawaru.
             Succumbed to Amaemon's poison
             ... on level 8 of the Dungeon.
             The game lasted 00:31:20 (10874 turns).

wakim the Fighter (Palentonga Fighter)             Turns: 10874, Time: 00:31:20

Health: -5/88      AC: 19    Str: 22    XL:     10   Next: 53%
Magic:  14/14      EV:  2    Int:  8    God:    Okawaru [*****.]
Gold:   360        SH:  0    Dex: 12    Spells: 9/9 levels left

rFire   . . .      SeeInvis +   C - +4 battleaxe
rCold   . . .      Faith    +   (shield currently unavailable)
rNeg    . . .      Spirit   .   U - +0 plate armour
rPois   .          Reflect  .   Q - +0 helmet {SInv}
rElec   .          Harm     .   L - +0 cloak
rCorr   .          Rampage  .   (no gloves)
Will    .....                   V - +1 barding
Stlth   ..........              E - amulet of faith
HPRegen 0.24/turn               (no ring)
MPRegen 0.14/turn               (no ring)

@: lethally poisoned (-5 -> -40), about to teleport
A: large, rugged brown scales 3, see invisible, deformed body, roll 1, armoured
tail, reflexive curl
a: Rolling Charge, Renounce Religion, Heroism, Finesse, Duel


You were on level 8 of the Dungeon.
You worshipped Okawaru.
Okawaru was extremely pleased with you.
You visited 2 branches of the dungeon, and saw 9 of its levels.

You collected 360 gold pieces.

Inventory:

Hand Weapons
 a - a +0 dire flail
 b - a +0 shortbow
 C - a +4 battleaxe (weapon)
Missiles
 Z - 33 poisoned darts
Armour
 L - a +0 cloak (worn)
 Q - a +0 helmet of see invisible (worn)
 U - a +0 plate armour (worn)
 V - a +1 barding (worn)
Jewellery
 E - an amulet of faith (around neck)
Wands
 t - a wand of digging (4)
 u - a wand of mindburst (13)
 x - a wand of iceblast (7)
Scrolls
 P - 6 scrolls of enchant weapon
 R - 2 scrolls of magic mapping {!r}
 X - a scroll of fog
Potions
 B - a potion of attraction {!q}
 D - 2 potions of brilliance
 K - a potion of invisibility {unknown}
 M - 4 potions of mutation {!q}
 N - a potion of might
 S - a potion of heal wounds {unknown}
 Y - a potion of degeneration {unknown}


   Skills:
 * Level 9.5 Fighting
 * Level 5.5(7.3) Axes
 - Level 7.3(8.5) Maces & Flails
 - Level 3.0(5.5) Staves
 + Level 6.1 Armour
 - Level 2.4 Shields
 + Level 6.2 Invocations


You had 9 spell levels left.
You didn't know any spells.
Your spell library contained the following spells:

 Spells                   Type           Power      Damage    Failure   Level
 Apportation              Tloc           0%         N/A       100%        1
 Static Discharge         Conj/Air       0%         N/A       100%        2
 Ozocubu's Armour         Ice            0%         N/A       100%        3
 Lightning Bolt           Conj/Air       0%         1d11      100%        5
 Ozocubu's Refrigeration  Ice            0%         4d5       100%        7
 Maxwell's Capacitive Co  Air            0%         ∞         100%        8
 Animate Skeleton         Necr           Unusable   N/A       N/A         1
 Summon Small Mammal      Summ           Unusable   N/A       N/A         1

Dungeon Overview and Level Annotations

Branches:
Dungeon (8/15)             Temple (1/1) D:4
   Lair: D:8-11

Altars:
Ashenzari
Cheibriados
Dithmenos
Elyvilon
Fedhas
Gozag
Hepliaklqana
Kikubaaqudgha
Makhleb
Nemelex Xobeh
Okawaru
Qazlal
Ru
Sif Muna
Trog
Uskayaw
Vehumet
Wu Jian
Xom
Yredelemnul
Zin
The Shining One

Annotations:
D:5 3 runed translucent doors, RNPValinor's ghost, novice VSFi
D:6 1 runed translucent door, esteth's ghost, novice GrHu
D:8 Amaemon


Innate Abilities, Weirdness & Mutations

You are completely covered in rugged brown scales. (AC +3, +7% HP)
You have supernaturally acute eyesight. (SInv)
Armour fits poorly on your strangely shaped body.
You can roll at nearby foes to attack.
You have a long armoured tail.
You curl defensively after being hit. (AC +7*)


Message History

Amaemon is almost dead.
The orange demon stings you but does no damage.
Amaemon hits you with a +2 demon whip of venom!
* * * LOW HITPOINT WARNING * * *
You are poisoned.
Amaemon claws you but does no damage. Amaemon completely misses you.
The orange demon stings you but does no damage.
Amaemon hits you with a +2 demon whip of venom.
* * * LOW HITPOINT WARNING * * *
You are lethally poisoned!
Amaemon claws you.
* * * LOW HITPOINT WARNING * * *
Amaemon barely misses you. 19/88 (-14)
You closely miss Amaemon.
Amaemon is almost dead.
* * * LOW HITPOINT WARNING * * *
You feel extremely sick.
The orange demon stings you but does no damage.
Amaemon hits you but does no damage.
You are more poisoned.
Amaemon claws you but does no damage.
Amaemon tail-slaps you but does no damage. 10/88 (-9)
Okay, then.
As you read the scroll of teleportation, it crumbles to dust.
You feel strangely unstable.
* * * LOW HITPOINT WARNING * * *
You feel very sick.
The orange demon stings you but does no damage.
Amaemon hits you with a +2 demon whip of venom.
* * * LOW HITPOINT WARNING * * *
You are more poisoned.
Amaemon claws you but does no damage.
Amaemon tail-slaps you but does no damage. 2/88 (-8)
Press: ? - help, v - describe, . - travel
Here: an orange demon (concentrated venom)
The floor, spattered with blood.
You die...

.|...##.....##....##.###....
......#.....#....## # #..
.................## .# #.#
......#####.##....##.# #.#
#.###.# ##...........###.# ...
..........††.........#
...##.........#...##.###.###.#
... #........#..........<..6.#
. #........#..@.##.###.#####
#.###### #...........#####..
#..6..#.###........
#..4....##..#####.#
#....#..##.♣.......
.....#..#.. ....P.# ......#
>.♣♣ ..YP... #.....#......
P...... ###.#.#.#..). .P♣P...


You could see Amaemon and an orange demon (curare).

Vanquished Creatures
  2 two-headed ogres
  A hornet (D:8)
  5 yaks (D:8)
  3 wyverns
  Eustachio (D:5)
  3 water moccasins
  3 sky beasts
  4 black bears
  2 ice beasts
  2 centaurs
  4 ogres
  A phantom (D:6)
  2 kobold brigands
  Blork the orc (D:5)
  3 bullfrogs
  4 scorpions
  2 wights
  3 howler monkeys
  4 hounds
  2 jellies (D:6)
  Crazy Yiuf (D:6)
  An orc priest (D:2)
  Jessica (D:2)
  3 iguanas
  An orc wizard (D:2)
  Ijyb (D:4)
  Robin (D:2)
  7 adders
  14 gnolls
  2 white imps
  3 worms
  3 dart slugs
  12 orcs
  9 bats
  11 endoplasms
  3 giant cockroaches
  19 goblins
  19 hobgoblins
  6 jackals
  2 quokkas
  9 ball pythons
  4 frilled lizards
  19 kobolds
  10 rats
213 creatures vanquished.

Vanquished Creatures (others)
  A fungus (D:8)
  12 plants
13 creatures vanquished.

Grand Total: 226 creatures vanquished

Notes
Turn   | Place    | Note
-------+----------+-------------------------------------------
     0 | D:1      | wakim the Palentonga Fighter began the quest for the Orb.
     0 | D:1      | Reached XP level 1. HP: 19/19 MP: 1/1
   241 | D:1      | Reached XP level 2. HP: 14/25 MP: 2/2
   758 | D:1      | Reached XP level 3. HP: 24/31 MP: 3/3
   959 | D:1      | !bestwep
  1070 | D:2      | Noticed Jessica
  1073 | D:2      | Killed Jessica
  1074 | D:2      | Reached XP level 4. HP: 27/38 MP: 4/4
  1332 | D:2      | Found a faded altar of an unknown god.
  1401 | D:2      | Reached XP level 5. HP: 43/44 MP: 5/5
  1600 | D:2      | Reached skill level 4 in Fighting
  1730 | D:2      | Noticed Robin
  1787 | D:2      | Killed Robin
  2090 | D:3      | Found a radiant altar of Vehumet.
  2117 | D:3      | !bestwap
  2117 | D:3      | !bestwep
  2176 | D:3      | Noticed an ogre
  2458 | D:3      | Reached XP level 6. HP: 48/51 MP: 6/6
  2924 | D:3      | Reached skill level 5 in Axes
  3423 | D:4      | !bestwep
  3427 | D:4      | Found a staircase to the Ecumenical Temple.
  3436 | D:4      | Reached skill level 1 in Maces & Flails
  3458 | Temple   | Entered the Ecumenical Temple
  3682 | Temple   | Became a worshipper of Warmaster Okawaru
  3955 | D:4      | Noticed Ijyb
  3966 | D:4      | Paralysed by Ijyb for 3 turns
  3985 | D:3      | Gained mutation: You curl defensively after being hit. (AC
                  | +7*) [Palentonga growth]
  3985 | D:3      | Reached XP level 7. HP: 16/58 MP: 7/7
  4288 | D:4      | Killed Ijyb
  4423 | D:4      | !bestwep
  4479 | D:4      | Reached skill level 1 in Invocations
  4754 | D:5      | Entered Level 5 of the Dungeon
  4809 | D:5      | Found a runed translucent gate.
  4809 | D:5      | Found a runed translucent gate.
  4809 | D:5      | Found a runed translucent gate.
  4817 | D:5      | Reached skill level 5 in Fighting
  4817 | D:5      | Reached skill level 1 in Staves
  4976 | D:5      | Reached * piety under Okawaru
  5016 | D:5      | Noticed Eustachio
  5030 | D:5      | Killed Eustachio
  5262 | D:5      | Noticed Blork the orc
  5273 | D:5      | Reached XP level 8. HP: 21/68 MP: 7/9
  5274 | D:5      | Killed Blork the orc
  5277 | D:5      | !bestwep
  5754 | D:5      | Reached skill level 6 in Fighting
  6060 | D:5      | Noticed RNPValinor's ghost (novice VSFi)
  6187 | D:6      | Found a shadowy altar of Dithmenos.
  6485 | D:6      | !bestwep
  6717 | D:6      | Reached ** piety under Okawaru
  6956 | D:6      | Found a runed translucent door.
  6957 | D:6      | Noticed Crazy Yiuf
  7038 | D:6      | Reached skill level 7 in Fighting
  7153 | D:6      | Found a runed translucent door.
  7310 | D:6      | Noticed esteth's ghost (novice GrHu)
  7334 | D:6      | Noticed a two-headed ogre
  7341 | D:6      | Killed a two-headed ogre
  7341 | D:6      | Reached *** piety under Okawaru
  7342 | D:6      | Reached skill level 5 in Maces & Flails
  7342 | D:6      | Reached skill level 5 in Armour
  7342 | D:6      | Reached XP level 9. HP: 20/77 MP: 8/12
  8100 | D:6      | Killed Crazy Yiuf
  8709 | D:7      | Reached skill level 8 in Fighting
  9183 | D:7      | Reached skill level 5 in Invocations
  9197 | D:7      | Reached **** piety under Okawaru
 10052 | D:8      | Reached XP level 10. HP: 54/87 MP: 5/14
 10357 | D:7      | Reached ***** piety under Okawaru
 10358 | D:7      | Reached skill level 9 in Fighting
 10508 | D:8      | Noticed a two-headed ogre
 10518 | D:7      | Killed a two-headed ogre
 10688 | D:8      | Noticed Amaemon
 10737 | D:8      | !bestwep
 10865 | D:8      | Noticed an orange demon
 10873 | D:8      | HP: 4/88 [poisoned by Amaemon]
 10874 | D:8      | Succumbed to Amaemon's poison

Illustrated notes

#...#..# #......# ###....# ###
######### ##...# #.# ........#
#...# #.# ........# ##..# #.#
........# #..# #.#
.......[#######..#######.######
........+.......@.)...........#
........#######..#######.##.###
........#######.............#
.................#######.##.#
........########.#######....#
........# #..........[##.#
##...#..######.#.##########.#
...#.##......)...# #.#
..##.........###># #.#


Turn 959 on D:1: !bestwep .$. #.≈. ..# .. .#.≈.# ..# .###.#...# ..### ....#...#
..#.# ..##.#.# ##...#...# #.##.#.###...###... #.##.#....†...#...#
#..###....#....@[..!...# # #...........#.....###..# ##.
#..######...#.##...##..##.##.### #.._.#..........(.# ....#
#....####.......##.##.#.# #....#.>...##.†.###...#.. ##.#.#.....##............
#.#.#....#.#..†.##.###.# #.#.....###.....†......# Turn 2117 on D:3: !bestwap
###. ... ###.... ... #....!##.. # #....... ..#......# . #.<.$..... ...
#$.....).## #.... #....##...#...... .........@....... .............#...
........#..<## ............# ........#....# ...?.......#.>. ..?...........g.
..........#.#... Turn 3423 on D:4: !bestwep #####.# ###.......>.......# .##. ###
#............#.#... .# #................... #....................
###............#.##... ##..........### .... #.....#....# ###.# ##....#..##.
##.@....... #......... #.......... #.......... #..#....... ##. #...... ## ...##.
#... Turn 4423 on D:4: !bestwep ...........'.........'.......#
###.#...####.........####...## #.##.## ##.......## ##.### #.#### ##.....##
#.#..# #. ##...## ##.#.# ####+### ###.# #......### #.# #........#######.#
#.@#####.........# ........# #.######### ######..# #.# #<.# #.# #..# #.# #...
..# #... ### #### Turn 5277 on D:5: !bestwep ###....# ###....## ##......###.
##...###...###.#####.......#### #........## ##..##.........### ##......##
##....####.....## #..###..# ##...# ###....# ##.## ##..# ####..## ##..## #..# #.#
#......## #### ##..# #..#.#.##..## ###...# #.#@######.## .....## ##.†.#####.## #
#..### #..#...###..# ## #### #........#### ###. #.......... #... #........#.
###. #........... ## #.#........# ...........# Turn 6485 on D:6: !bestwep
##...... ##....#.. ##....##). ##..#.##.÷# ########..##...÷## #........##..#.##.
#######.####......##.... #.....)).)...).#.##..#.. .#####@###<..##....##(.
......)).....##..#.##..# #.#####'####....##....## ... #...# ....# . ...
#........... ..>.+.....##....##. ....###....##.... .....# #.##..#.##.. Turn
10737 on D:8: !bestwep

Levels and vault maps discovered:
D:1:      moated_graveyard_arrival, layout_basic, minmay_tromino_v4_a
D:2:      layout_basic, ebering_ecumenical_altar_abandoned, uniq_robin,
          uniq_jessica
D:3:      layout_loops_ring, mainiacjoe_overflow_boulevard,
          minmay_pentomino_pile
D:4:      layout_cave_pools, minmay_temple_entry_sparse_star, uniq_ijyb
D:5:      layout_loops_corners, gammafunk_ghost_necromancy, uniq_blork_the_orc,
          uniq_eustachio
D:6:      minmay_skewed_foursquare, layout_layer_cave,
          nicolae_dithmenos_shadow_blocks, ebering_ghost_reflecting_pool,
          uniq_crazy_yiuf_cottage
D:7:      corexii_shantytown, layout_cave_pools
D:8:      layout_basic, minmay_lair_entry_grove, gammafunk_ghost_ooze,
          nicolae_wwwww, uniq_amaemon
Temple:   mainiacjoe_temple_big_plus

Skill      XL: |  1  2  3  4  5  6  7  8  9 10 |
---------------+-------------------------------+-----
Axes           | 3 4 5 |  5.5
Armour         | 3 4 5 6 |  6.1
Fighting       | 4 5 7 8 9 |  9.5
Maces & Flails | 1 5 6 7 |  7.3
Invocations    | 2 4 5 6 |  6.2
Staves         | 2 3 |  3.0
Shields        | |  2.4

Action                   |  1- 3 |  4- 6 |  7- 9 | 10-12 || total
-------------------------+-------+-------+-------+-------++-------
Melee: War axe           |    98 |   122 |       |       ||   220
       Tailslap          |     5 |    21 |    45 |    14 ||    85
       Eveningstar       |       |    24 |    16 |       ||    40
       Quarterstaff      |       |       |    55 |       ||    55
       Dire flail        |       |       |   253 |    61 ||   314
       Battleaxe         |       |       |       |    19 ||    19
Throw: Dart              |       |     9 |       |     1 ||    10
       Throwing net      |       |     1 |       |       ||     1
Invok: Heroism           |       |       |     9 |     2 ||    11
       Finesse           |       |       |     1 |     1 ||     2
 Abil: Rolling Charge    |    20 |    38 |    47 |     7 ||   112
  Use: Scroll            |     1 |     1 |    10 |     1 ||    13
       Potion            |       |       |     1 |     1 ||     2
Armor: Scale mail        |    51 |     3 |       |       ||    54
       Robe              |       |    14 |       |       ||    14
       Chain mail        |       |    60 |   293 |       ||   353
       Plate armour      |       |       |    44 |    81 ||   125
Dodge: Dodged            |    46 |    35 |   103 |    13 ||   197
Block: Buckler           |    16 |    13 |     7 |       ||    36

Table legend: (Time is in decaauts)
 A = Elapsed time spent in this place.
 B = Non-inter-level travel time spent in this place.
 C = Inter-level travel time spent in this place.
 D = Time resting spent in this place.
 E = Time spent auto-exploring this place.
 F = Levels seen in this place.
 G = Mean time per level.
                   A        B        C        D        E       F      G
               +--------+--------+--------+--------+--------+-----+--------+
         Total |  10954 |  10336 |    618 |   1855 |   6228 |   9 | 1217.1 |
       Dungeon |  10518 |   9933 |    585 |   1855 |   5929 |   8 | 1314.8 |
        Temple |    435 |    402 |     33 |      0 |    299 |   1 |  435.0 |
               +--------+--------+--------+--------+--------+-----+--------+

Top non-repeatable levels by time:
     D:6: 2782 daAuts
     D:2: 1463 daAuts
     D:5: 1431 daAuts
     D:3: 1331 daAuts
     D:7: 1304 daAuts
     D:1: 995 daAuts
     D:4: 680 daAuts
     D:8: 529 daAuts
  Temple: 435 daAuts
